 Dungeon Crawl Stone Soup version 0.23.1 (webtiles) character file.

Game seed: 8393101135057869372

77 redwoodhats the Vexing (level 4, 0/33 HPs)
             Began as a Demonspawn Arcane Marksman on Mar 10, 2019.
             Succumbed to an adder's poison
             ... on level 2 of the Dungeon.
             The game lasted 00:13:40 (1450 turns).

redwoodhats the Vexing (Demonspawn Arcane Marksman) Turns: 1450, Time: 00:13:41

Health: 0/33       AC:  2    Str: 13    XL:     4   Next: 14%
Magic:  4/5        EV: 12    Int: 14    God:
Gold:   38         SH:  0    Dex: 14    Spells: 1/5 levels left

rFire    . . .     SeeInvis .   g - +0 hunting sling
rCold    . . .     Gourm    .   (no shield)
rNeg     . . .     Faith    .   e - +1 robe
rPois    .         Spirit   .   (no helmet)
rElec    .         Reflect  .   (no cloak)
rCorr    .         Harm     .   (no gloves)
MR       .....                  (no boots)
Stlth    +.........             (no amulet)
HPRegen  0.11/turn              j - ring of flight
MPRegen  0.09/turn              m - -2 ring of strength (curse)

@: lethally poisoned (0 -> -5), very slow
A: hooves 2, blurry vision 1, deformed body, strong 2
a: Evoke Flight


You were on level 2 of the Dungeon.
You were not hungry.

You visited 1 branch of the dungeon, and saw 2 of its levels.

You collected 38 gold pieces.

Inventory:

Hand Weapons
 a - a +1 shortbow
 g - a +0 hunting sling (weapon)
 i - a +0 club
Missiles
 d - 2 arrows
 k - a stone (quivered)
Armour
 e - a +1 robe (worn)
Jewellery
 b - an uncursed ring of protection from magic
 j - a ring of flight (left hand)
 m - a cursed -2 ring of strength (right hand)
Scrolls
 l - a scroll of remove curse
Potions
 h - a potion of curing {unknown}
Comestibles
 f - a ration


   Skills:
 + Level 1.6 Fighting
 + Level 0.2 Slings
 + Level 2.8 Bows
 + Level 2.1 Dodging
 + Level 0.2 Unarmed Combat
 + Level 1.1 Spellcasting
 + Level 3.6 Hexes


You had one spell level left.
You knew the following spells:

 Your Spells              Type           Power        Failure   Level  Hunger
a - Corona                Hex            ##.....      6%          1    ##.....
b - Inner Flame           Hex/Fire       #.......     36%         3    ####...

Your spell library contained the following spells:

 Spells                   Type           Power        Failure   Level  Hunger
 Slow                     Hex            ##......     9%          2    ###....
 Portal Projectile        Hex/Tloc       #.....       36%         3    ####...
 Cause Fear               Hex            ##........   50%         4    #####..
 Leda's Liquefaction      Hex/Erth       #.........   77%         4    #####..


Dungeon Overview and Level Annotations

Branches:
Dungeon (2/15)

Altars:
Cheibriados

Annotations:
D:2 Jessica


Innate Abilities, Weirdness & Mutations

You have hoof-like feet.
Scrolls take you a little longer to read.
Armour fits poorly on your strangely shaped body.
Your muscles are very strong. (Str +4)


Message History

The big kobold throws a stone.
The stone hits you but does no damage.
You hear a splash.
Jessica gestures wildly while chanting.
Jessica blinks!
Firing (i - inventory. (/) - cycle)
c - a sling bullet (quivered)
Press: ? - help, Shift-Dir - straight line, f/p - adder
Aim: an adder You shoot a sling bullet.
The sling bullet hits the adder.
The adder is heavily wounded.
* * * LOW HITPOINT WARNING * * *
You feel sick. The adder misses you. The rat closely misses you.
The big kobold throws a stone.
The stone hits you but does no damage.
You hear a splash.
The adder bites you.
* * * LOW HITPOINT WARNING * * *
* * * LOW HITPOINT WARNING * * *
You feel sick.
You enter the shallow water.
Moving in this stuff is going to be slow.
You die...

....
#(≈≈≈≈≈≈≈≈≈≈...#
.(.
#≈≈≈≈≈(♣≈≈≈≈≈≈.#
..
#..≈≈≈♣_♣≈≈≈@≈(# .
##..≈≈≈≈..≈≈K...#
#.≈.≈≈≈≈≈≈≈≈≈≈..#
#..≈≈≈≈≈≈≈≈≈≈≈..#
#.≈.≈≈≈≈≈≈≈≈≈≈≈.#
#..≈....S≈..≈.≈.#
#.≈..≈@.r(.≈≈.≈.#
......##########.#
##... #.# #$. .#
#. .# .. #


You could see a big kobold, an adder, Jessica and a rat.

Vanquished Creatures
  A worker ant (D:2)
  An ooze (D:1)
  A dart slug (D:1)
  A leopard gecko (D:1)
  2 giant cockroaches
  4 goblins
  6 hobgoblins
  4 jackals (D:1)
  7 kobolds (D:1)
  A ball python (D:1)
  3 bats (D:1)
  2 frilled lizards (D:1)
  8 rats
41 creatures vanquished.

Notes
Turn   | Place    | Note
-------+----------+-------------------------------------------
     0 | D:1      | redwoodhats the Demonspawn Arcane Marksman began the quest
                  | for the Orb.
     0 | D:1      | Reached XP level 1. HP: 15/15 MP: 2/2
    49 | D:1      | Found a snail-covered altar of Cheibriados.
   189 | D:1      | Gained mutation: You have large cloven feet. [demonic
                  | ancestry]
   189 | D:1      | Reached XP level 2. HP: 14/21 MP: 3/3
   477 | D:1      | Gained mutation: You have hoof-like feet. [demonic
                  | ancestry]
   477 | D:1      | Reached XP level 3. HP: 20/26 MP: 4/4
  1035 | D:1      | Gained mutation: Your muscles are strong. (Str +2) [potion
                  | of mutation]
  1035 | D:1      | Gained mutation: Armour fits poorly on your strangely
                  | shaped body. [potion of mutation]
  1035 | D:1      | Gained mutation: Scrolls take you a little longer to read.
                  | [potion of mutation]
  1035 | D:1      | Gained mutation: Your muscles are very strong. (Str +4)
                  | [potion of mutation]
  1089 | D:2      | Reached XP level 4. HP: 14/33 MP: 5/5
  1107 | D:1      | Learned a level 3 spell: Inner Flame
  1359 | D:2      | Found a faded altar of an unknown god.
  1415 | D:2      | Noticed Jessica
  1415 | D:2      | Noticed a big kobold
  1448 | D:2      | HP: 1/33 [poisoned by an adder]
  1450 | D:2      | Succumbed to an adder's poison

Skill      XL: |  1  2  3 |
---------------+----------+-----
Bows           | 2 |  2.8
Dodging        | 2 |  2.1
Fighting       | |  1.6
Slings         | |  0.2
Unarmed Combat | |  0.2
Spellcasting   | |  1.1
Hexes          | |  3.6

Action                   |  1- 3 |  4- 6 || total
-------------------------+-------+-------++-------
Melee: Unarmed           |    18 |       ||    18
       Kick              |     4 |       ||     4
 Fire: Shortbow          |    74 |     8 ||    82
       Hunting sling     |     9 |     8 ||    17
 Cast: Corona            |     9 |     3 ||    12
       Inner Flame       |       |     1 ||     1
  Use: Scroll            |     5 |       ||     5
       Potion            |     3 |       ||     3
  Eat: Ration            |     1 |       ||     1
Armor: Robe              |    19 |     2 ||    21
Dodge: Dodged            |    61 |    24 ||    85
